 Dungeon Crawl Stone Soup version 0.20.1-1-g8b1a95d (webtiles) character file.

17422 equalderp2856 the Cleaver (level 12, -4/106 HPs)
             Began as a Minotaur Fighter on Oct 23, 2017.
             Slain by a phantasmal warrior (28 damage)
             ... led by a death knight
             ... on level 11 of the Dungeon.
             The game lasted 00:36:48 (18958 turns).

equalderp2856 the Cleaver (Minotaur Fighter)       Turns: 18958, Time: 00:36:49

Health: -4/106     AC: 20    Str: 22    XL:     12   Next: 18%
Magic:  14/14      EV:  8    Int: 12    God:
Gold:   610        SH: 12    Dex: 13    Spells: 13/15 levels left

rFire    . . .     SeeInvis .   C - +0 broad axe
rCold    . . .     Gourm    .   c - +0 shield
rNeg     . . .     Faith    .   K - +0 plate armour
rPois    .         Spirit   .   (helmet restricted)
rElec    .         Reflect  .   (no cloak)
rCorr    .         Harm     .   x - +2 pair of gloves {archery}
MR       .....                  (no boots)
Stlth    ..........             t - amulet of inaccuracy
Regen    0.3/turn               W - +6 ring of intelligence
MPRegen  0.2/turn               n - +2 ring of protection

@: no status effects
A: retaliatory headbutt, horns 2
a: no special abilities


You were on level 11 of the Dungeon.
You were very hungry.

You visited 2 branches of the dungeon, and saw 14 of its levels.

You collected 654 gold pieces.
You spent 44 gold pieces at shops.

Inventory:

Hand Weapons
 a - a +0 war axe
 C - a +0 broad axe (weapon)
 U - a +0 trident
Armour
 c - a +0 shield (worn)
 x - a +2 pair of gloves of archery (worn)
 K - a +0 plate armour (worn)
 Q - a +2 scale mail of magic resistance
Jewellery
 m - an uncursed ring of see invisible
 n - a +2 ring of protection (right hand)
 t - an amulet of inaccuracy (around neck)
 z - a +5 ring of intelligence
 P - an uncursed ring of protection from cold {unknown}
 T - an uncursed ring of wizardry
 V - an uncursed ring of loudness
 W - a +6 ring of intelligence (left hand)
Wands
 u - a wand of confusion (15/48)
 B - a wand of polymorph (7/24)
 E - a wand of lightning (0/15)
 S - a wand of iceblast (7/15)
 X - a wand of polymorph (8/24)
Scrolls
 e - 7 scrolls of identify
 h - 2 scrolls of immolation {unknown}
 k - 3 scrolls of fear
 l - a scroll of enchant weapon {unknown}
 o - 7 scrolls of teleportation
 s - 4 scrolls of amnesia
 y - 3 scrolls of remove curse
 A - 3 scrolls of recharging {unknown}
 F - 3 scrolls of blinking {unknown}
 I - a scroll of brand weapon {unknown}
 R - 2 scrolls of magic mapping {unknown}
Potions
 d - a potion of might
 g - a potion of flight {unknown}
 i - a potion of invisibility {unknown}
 j - a potion of haste {unknown}
 p - 3 potions of heal wounds {unknown}
 q - 3 potions of degeneration {unknown}
 r - a potion of ambrosia {unknown}
 v - 3 potions of cancellation {unknown}
 w - a potion of resistance {unknown}
 G - 2 potions of lignification {unknown}
 J - 3 potions of curing
 L - 3 potions of agility {unknown}
 N - 4 potions of berserk rage {unknown}
Books
 O - a book of Air

   Spells                             Type                      Level
   a - Shock                          Conjuration/Air              1
   b - Swiftness                      Charms/Air                   2
   c - Static Discharge               Conjuration/Air              3
   d - Airstrike                      Air                          4
   e - Lightning Bolt                 Conjuration/Air              5
 Y - a book of Necromancy

   Spells                             Type                      Level
   a - Pain                           Necromancy                   1
   b - Animate Skeleton               Necromancy                   1
   c - Vampiric Draining              Necromancy                   3
   d - Regeneration                   Charms/Necromancy            3
   e - Animate Dead                   Necromancy                   4
   f - Control Undead                 Necromancy                   4
 Z - a book of Frost

   Spells                             Type                      Level
   a - Freeze                         Ice                          1
   b - Throw Frost                    Conjuration/Ice              2
   c - Ozocubu's Armour               Charms/Ice                   3
   d - Throw Icicle                   Conjuration/Ice              4
   e - Summon Ice Beast               Ice/Summoning                4
Miscellaneous
 b - a phantom mirror
Comestibles
 f - 7 bread rations
 H - 2 meat rations
 M - 2 fruits


   Skills:
 + Level 9.8 Fighting
 + Level 14.0 Axes
 + Level 1.6(9.5) Polearms
 + Level 11.7 Armour
 + Level 4.0 Dodging
 + Level 1.0 Stealth
 + Level 10.9 Shields
 * Level 2.0 Spellcasting
 * Level 1.8 Charms


You had 13 spell levels left.
You knew the following spells:

 Your Spells              Type           Power        Failure   Level  Hunger
a - Swiftness             Chrm/Air       #.......     99%         2    ###....


Dungeon Overview and Level Annotations

Branches:
Dungeon (12/15)            Temple (0/1) D:5            Lair (2/6) D:9
 Shoals (0/4) Lair:2          Orc (0/2) D:9
  Snake: Lair:2-4    Spider: Lair:2-4

Altars:
Elyvilon
Fedhas
Hepliaklqana
Makhleb
Nemelex Xobeh
Okawaru
Qazlal
Uskayaw
Vehumet
The Shining One

Shops:
D:5 (   D:11 }

Annotations:
D:10 bmj180's ghost, journeyman HOFi


Innate Abilities, Weirdness & Mutations

You reflexively headbutt those who attack you in melee.
You have a pair of horns on your head.


Message History

The phantasmal warrior is moderately damaged.
The phantasmal warrior hits you but does no damage.
You hit the phantasmal warrior but do no damage.
The phantasmal warrior is moderately damaged.
You block the phantasmal warrior's attack.
You hit the phantasmal warrior but do no damage.
Your headbutt misses the phantasmal warrior.
The phantasmal warrior is moderately damaged.
You closely miss the phantasmal warrior.
The phantasmal warrior is moderately damaged.
The phantasmal warrior barely misses you.
You hit the phantasmal warrior but do no damage.
You headbutt the phantasmal warrior.
The phantasmal warrior is heavily damaged.
The phantasmal warrior hits you but does no damage.
You hit the phantasmal warrior.
Your headbutt misses the phantasmal warrior.
The phantasmal warrior is heavily damaged.
The phantasmal warrior hits you!!
You die...

....####รท)).......#
....# ##'#########
....# #.#######
##### #.......##
#######..# ##
########.## .#
#####.........#
.####...........W.#
...##.###.......@.#
...#..# #.........#
.....## #.........#
...### #.........#
#### #.........#
#######.### ##..#
#..## ######.##


You could see a phantasmal warrior.

Vanquished Creatures
  3 hydras
  Erica (D:10)
  A death yak (Lair:2)
  An unseen horror (D:10)
  A manticore (D:11)
  A black mamba (Lair:2)
  A gargoyle (D:10)
  A spiny frog (Lair:1)
  Psyche (D:11)
  A centaur skeleton (D:11)
  A rime drake (Lair:2)
  A polar bear (Lair:1)
  A meliai zombie (D:11)
  4 hippogriffs
  20 yaks
  A hungry ghost (D:10)
  Edmund (D:6)
  3 water moccasins
  Duvessa (D:7)
  2 porcupines (Lair:1)
  3 orc warriors
  A hornet zombie (D:12)
  2 black bears
  2 necrophages
  A sky beast (D:8)
  3 ice beasts
  5 ogres
  4 wolves (Lair:2)
  4 centaurs
  2 crocodiles
  18 bullfrogs
  A wyvern zombie (D:12)
  2 gnoll sergeants
  2 scorpions
  Dowan (D:7)
  12 killer bees
  3 wights
  5 howler monkeys
  4 crimson imps
  A quasit (D:11)
  2 bullfrog zombies
  2 jellies
  9 orc wizards
  12 orc priests
  5 hounds
  A bullfrog skeleton (D:8)
  4 iguanas
  A statue (D:6)
  10 worker ants
  Robin (D:2)
  3 worker ant zombies
  15 adders
  16 gnolls
  2 shadow imps
  An ooze (D:2)
  An adder skeleton (D:4)
  A worm (D:4)
  3 leopard geckos
  48 orcs
  8 bats
  6 giant cockroaches
  15 goblins
  5 hobgoblins
  22 jackals
  8 kobolds
  4 quokkas
  A ball python (D:1)
  11 frilled lizards
  A jackal skeleton (D:6)
  A leopard gecko skeleton (D:6)
  A leopard gecko zombie (D:8)
  5 rats
  A fungus (Lair:2)
349 creatures vanquished.

Vanquished Creatures (others)
  A gargoyle (D:11)
  An orc wizard (D:10)
  An adder (D:10)
3 creatures vanquished.

Grand Total: 352 creatures vanquished

Notes
Turn   | Place    | Note
-------+----------+-------------------------------------------
     0 | D:1      | equalderp2856 the Minotaur Fighter began the quest for the Orb.
     0 | D:1      | Reached XP level 1. HP: 19/19 MP: 0/0
   173 | D:1      | Reached XP level 2. HP: 27/27 MP: 1/1
   550 | D:2      | Reached XP level 3. HP: 33/33 MP: 2/2
   601 | D:2      | Noticed Robin
   602 | D:2      | Reached skill level 3 in Axes
   615 | D:2      | Killed Robin
   615 | D:2      | Reached XP level 4. HP: 35/40 MP: 3/3
   835 | D:2      | Reached skill level 1 in Dodging
   838 | D:2      | Reached skill level 4 in Axes
   849 | D:2      | Reached XP level 5. HP: 44/46 MP: 4/4
  1343 | D:3      | Reached skill level 5 in Axes
  1514 | D:3      | Found a blossoming altar of Fedhas.
  1523 | D:3      | Found a stormy altar of Qazlal.
  1719 | D:3      | Reached XP level 6. HP: 51/53 MP: 5/5
  1984 | D:3      | Reached skill level 5 in Shields
  2178 | D:4      | Reached skill level 6 in Axes
  2233 | D:4      | Found a hazy altar of Hepliaklqana.
  2409 | D:4      | Reached skill level 5 in Armour
  2409 | D:4      | Reached XP level 7. HP: 59/59 MP: 6/6
  3094 | D:4      | Reached skill level 5 in Fighting
  3182 | D:5      | Entered Level 5 of the Dungeon
  3232 | D:5      | Found Goc Ut Timm's Weapon Emporium.
  3240 | D:5      | Bought a +0 broad axe for 44 gold pieces
  3444 | D:5      | Found a staircase to the Ecumenical Temple.
  3673 | D:6      | Reached skill level 7 in Axes
  3718 | D:6      | Noticed a hippogriff
  3723 | D:6      | Killed a hippogriff
  4021 | D:6      | Reached XP level 8. HP: 67/67 MP: 7/7
  4726 | D:6      | Found a radiant altar of Vehumet.
  4748 | D:6      | Reached skill level 8 in Axes
  5269 | D:6      | Noticed Edmund
  5297 | D:6      | Killed Edmund
  5588 | D:6      | Reached skill level 9 in Axes
  6292 | D:7      | Noticed Dowan
  6293 | D:7      | Noticed Duvessa
  6318 | D:7      | Killed Dowan
  6356 | D:7      | Killed Duvessa
  6356 | D:7      | Reached XP level 9. HP: 42/74 MP: 8/8
  6837 | D:7      | Learned a level 2 spell: Swiftness
  7400 | D:8      | Found a hide-covered altar of Uskayaw.
  7405 | D:8      | Found a white marble altar of Elyvilon.
  7853 | D:9      | Reached skill level 10 in Axes
  7977 | D:9      | Found a sparkling altar of Nemelex Xobeh.
  8142 | D:9      | Found a glowing golden altar of the Shining One.
  8513 | D:8      | Reached skill level 11 in Axes
  8513 | D:8      | Reached XP level 10. HP: 47/85 MP: 9/9
  8929 | D:9      | Found a staircase to the Orcish Mines.
  9001 | D:9      | Found a staircase to the Lair.
  9224 | D:10     | Entered Level 10 of the Dungeon
  9736 | D:10     | Noticed a gargoyle
  9759 | D:10     | Killed a gargoyle
 10485 | D:7      | Got an iridescent hand axe
 10486 | D:7      | Identified the cursed +0 hand axe "Rupnenge" {antimagic, rPois SInv} (You found it on level 7 of the Dungeon)
 10623 | D:7      | Found an iron altar of Okawaru.
 10624 | D:7      | Found a burning altar of Makhleb.
 10733 | Lair:1   | Entered Level 1 of the Lair of Beasts
 10837 | Lair:1   | Reached skill level 12 in Axes
 11165 | Lair:1   | Reached skill level 10 in Armour
 11591 | Lair:1   | Noticed a spiny frog
 11601 | Lair:1   | Killed a spiny frog
 11914 | Lair:1   | Noticed a six-headed hydra
 11928 | Lair:1   | Killed a six-headed hydra
 11928 | Lair:1   | Reached XP level 11. HP: 45/94 MP: 10/10
 12923 | Lair:2   | Noticed a four-headed hydra
 12937 | Lair:2   | Killed a four-headed hydra
 12937 | Lair:2   | Reached skill level 13 in Axes
 13013 | Lair:2   | Reached skill level 10 in Shields
 13155 | Lair:2   | Found a staircase to the Shoals.
 13179 | Lair:2   | Noticed a death yak
 13181 | Lair:2   | Noticed a death yak
 13183 | Lair:2   | Noticed a death yak
 13216 | Lair:2   | Killed a death yak
 13216 | Lair:2   | Reached skill level 1 in Polearms
 13943 | D:10     | Noticed Erica
 14743 | D:10     | Noticed bmj180's ghost (journeyman HOFi)
 15247 | D:11     | Noticed a six-headed hydra
 15594 | D:10     | Killed Erica
 15594 | D:10     | Reached skill level 1 in Stealth
 17021 | D:8      | Killed a six-headed hydra
 17201 | D:11     | Reached skill level 1 in Charms
 17471 | D:10     | Killed an unseen horror
 17471 | D:10     | Reached skill level 1 in Spellcasting
 17999 | D:11     | Found Hoop Voa's Gadget Shoppe.
 18149 | D:11     | Noticed Psyche
 18374 | D:11     | Killed Psyche
 18374 | D:11     | Reached XP level 12. HP: 95/106 MP: 13/13
 18496 | D:11     | Found a stormy altar of Qazlal.
 18827 | D:12     | Reached skill level 14 in Axes
 18923 | D:12     | Noticed a death knight
 18958 | D:11     | Slain by a phantasmal warrior

Skill      XL: |  1  2  3  4  5  6  7  8  9 10 11 12 |
---------------+-------------------------------------+-----
Shields        | 4 5 6 8 9 10 | 10.9
Fighting       | 4 5 7 8 9 |  9.8
Armour         | 4 5 7 8 10 11 | 11.7
Axes           | 3 4 5 6 7 9 11 12 13 14 | 14.0
Dodging        | 1 2 3 4 |  4.0
Polearms       | 1 |  1.6
Stealth        | 1 |  1.0
Charms         | 1 |  1.8
Spellcasting   | 1 2 |  2.0

Action                   |  1- 3 |  4- 6 |  7- 9 | 10-12 || total
-------------------------+-------+-------+-------+-------++-------
Melee: War axe           |    74 |   128 |    47 |       ||   249
       Headbutt          |    12 |    25 |    77 |   151 ||   265
       Broad axe         |       |       |   366 |   622 ||   988
       Trident           |       |       |       |    74 ||    74
Evoke: Wand              |       |       |       |     9 ||     9
  Use: Scroll            |       |       |       |     8 ||     8
       Potion            |       |       |       |     2 ||     2
 Stab: Confused          |       |       |       |     1 ||     1
  Eat: Chunk             |       |     5 |    15 |    26 ||    46
       Bread ration      |       |       |     1 |       ||     1
       Fruit             |       |       |     1 |     8 ||     9
Armor: Scale mail        |    49 |    61 |    53 |    73 ||   236
       Plate armour      |       |       |    99 |   347 ||   446
Dodge: Dodged            |    45 |    30 |   108 |   231 ||   414
Block: Shield            |    56 |    62 |   236 |   487 ||   841
